 Dungeon Crawl Stone Soup version 0.30-a0-23-ge60ba3568b (webtiles) character file.

Game seed: 7165620526999494992

83 SensoryNuts the Chopper (level 4, -2/40 HPs)
             Began as a Hill Orc Fighter on Aug 25, 2022.
             Splashed by a jelly's acid (7 damage)
             ... on level 2 of the Dungeon.
             The game lasted 00:01:06 (1468 turns).

SensoryNuts the Chopper (Hill Orc Fighter)          Turns: 1468, Time: 00:01:07

Health: -2/40      AC:  0    Str: 18    XL:     4   Next: 44%
Magic:  4/4        EV:  9    Int:  8    God:
Gold:   47         SH:  4    Dex: 12    Spells: 3/3 levels left

rFire   . . .      SeeInvis .    a - +0 war axe
rCold   . . .      Faith    .    c - +0 buckler
rNeg    . . .      Spirit   .    b - +0 scale mail
rPois   .          Reflect  .    (no helmet)
rElec   .          Harm     .    (no cloak)
rCorr   .          Rampage  .    (no gloves)
Will    .....                    (no boots)
Stlth   ..........               (no amulet)
HPRegen 0.13/turn                (no ring)
MPRegen 0.09/turn                (no ring)

@: corroded
A: no striking features
a: no special abilities


You were on level 2 of the Dungeon.
You visited 1 branch of the dungeon, and saw 2 of its levels.

You collected 47 gold pieces.

Inventory:

Hand Weapons
 a - a +0 war axe (weapon)
Armour
 b - a +0 scale mail (worn)
 c - a +0 buckler (worn)
Jewellery
 h - a ring of willpower
Scrolls
 e - a scroll of silence {unknown}
 g - a scroll of identify {unknown}
 j - a scroll of teleportation {unknown}
 k - a scroll of enchant weapon {unknown}
Potions
 d - a potion of might
 f - 2 potions of magic {unknown}
 i - a potion of heal wounds {unknown}


   Skills:
 + Level 4.0 Fighting
 * Level 4.9 Axes
 + Level 3.9 Armour
 + Level 3.4 Shields


You had 3 spell levels left.
You didn't know any spells.
Your spell library contained the following spells:

 Spells                   Type           Power      Damage    Failure   Level
 Slow                     Hex            0%         N/A       87%         1
 Confusing Touch          Hex            0%         N/A       99%         3
 Vampiric Draining        Necr           0%         2d6       99%         3
 Leda's Liquefaction      Hex/Erth       0%         N/A       100%        4
 Lee's Rapid Deconstruct  Erth           0%         3d5*      100%        5
 Statue Form              Tmut/Erth      0%         N/A       100%        6


Dungeon Overview and Level Annotations

Branches:
Dungeon (2/15)

Altars:
Yredelemnul


Message History

You are frozen.
You block the endoplasm's attack.
You have reached level 4!
You completely miss the endoplasm.
The endoplasm is heavily wounded.
You hit the fungus. You hit the endoplasm. You barely miss the jelly.
You hit the endoplasm.
A nearby fungus withers and dies. x2
The endoplasm freezes you.
You are frozen.
The endoplasm hits the fungus.
The endoplasm hits you but does no damage.
The endoplasm freezes you.
You are frozen.
* * * LOW HITPOINT WARNING * * *
You block the jelly's attack.
The jelly hits the fungus.
The fungus begins to die.
The fungus is splashed with acid.
The acid corrodes the fungus!
You are too injured to fight recklessly!
Unknown command.
You are too injured to fight recklessly!
Unknown command.
The endoplasm attacks as you move away! The endoplasm closely misses you.
A nearby fungus withers and dies.
There is an open door here.
The endoplasm attacks as you move away! The endoplasm completely misses you.
Unknown command.
You slash the endoplasm!
You kill the endoplasm!
You hit the endoplasm.
You kill the endoplasm!
The jelly hits you but does no damage.
You hit the jelly. The acid corrodes you!
Your hands burn!
* * * LOW HITPOINT WARNING * * *
The jelly is lightly wounded.
The jelly hits you but does no damage.
You hit the jelly. The acid corrodes you!
Your hands burn!
* * * LOW HITPOINT WARNING * * *
The jelly is heavily wounded.
The jelly hits you.
* * * LOW HITPOINT WARNING * * *
You are splashed with acid!
You die...

#......###.....##
###...#...#..
#.#.#..##.......#
#.#...#...#
#...#..##)......#
##†..#...#..
#.#....##.......#
#..#...#...# ###.#.
##.......# #....#...#..
.# ####....#
#..#...#...# ##..'....#
#....#...#.. #.########
#..#...#...# ##...).@##
##.#..#...#..
########J###.......#...#
#.J.÷JJ.JJ##...#.##..#..
#÷P...J...##...........#
#...÷.P...##...#####....
#.......P÷##.### ###..
#.P.....P.##.# ##.
#?÷...P.P.##.# ##
############.#


You could see a jelly and 2 endoplasms.

Vanquished Creatures
  A jelly (D:2)
  2 adders (D:2)
  2 bats (D:1)
  5 endoplasms
  A giant cockroach (D:1)
  A goblin (D:1)
  6 hobgoblins (D:1)
  6 ball pythons (D:1)
  9 kobolds
  2 rats
35 creatures vanquished.

Vanquished Creatures (others)
  5 fungi (D:2)
  5 toadstools (D:2)
10 creatures vanquished.

Grand Total: 45 creatures vanquished

Notes
Turn   | Place    | Note
-------+----------+-------------------------------------------
     0 | D:1      | SensoryNuts the Hill Orc Fighter began the quest for the
                  | Orb.
     0 | D:1      | Reached XP level 1. HP: 19/19 MP: 1/1
   293 | D:1      | Reached XP level 2. HP: 27/27 MP: 2/2
  1065 | D:2      | Reached XP level 3. HP: 33/33 MP: 3/3
  1128 | D:2      | Found a basalt altar of Yredelemnul.
  1462 | D:2      | Reached XP level 4. HP: 21/40 MP: 4/4
  1468 | D:2      | Splashed by a jelly's acid

Illustrated notes

Levels and vault maps discovered:
D:1:      wander_arrival_peaceful_grave, layout_basic, st_stairs_9
D:2:      cheibrodos_fertilizer, layout_basic, basic_altar,
          ebering_ecumenical_altar_webs, hex_large,
          minmay_fractal_squares_gapless_5

Skill      XL: |  1  2  3 |
---------------+----------+-----
Axes           | 3 4 |  4.9
Fighting       | 4 |  4.0
Armour         | |  3.9
Shields        | |  3.4

Action                   |  1- 3 |  4- 6 || total
-------------------------+-------+-------++-------
Melee: War axe           |    84 |     5 ||    89
Armor: Scale mail        |    45 |     3 ||    48
Dodge: Dodged            |    47 |     2 ||    49
Block: Buckler           |    14 |     1 ||    15

Table legend: (Time is in decaauts)
 A = Elapsed time spent in this place.
 B = Non-inter-level travel time spent in this place.
 C = Inter-level travel time spent in this place.
 D = Time resting spent in this place.
 E = Time spent auto-exploring this place.
 F = Levels seen in this place.
 G = Mean time per level.
                   A        B        C        D        E       F      G
               +--------+--------+--------+--------+--------+-----+--------+
         Total |   1499 |   1466 |     33 |      0 |   1240 |   2 |  749.5 |
       Dungeon |   1499 |   1466 |     33 |      0 |   1240 |   2 |  749.5 |
               +--------+--------+--------+--------+--------+-----+--------+

Top non-repeatable levels by time:
     D:1: 1084 daAuts
     D:2: 415 daAuts
